 Dungeon Crawl Stone Soup version 0.30.1-4-g462c640d31 (webtiles) character file.

Game seed: 3210611410518605932

179 Diggabert the Cudgeller (level 5, -3/42 HPs)
             Began as a Human Monk on Aug 11, 2023.
             Slain by an orc
             ... wielding a +0 hand axe
              (4 damage)
             ... on level 3 of the Dungeon.
             The game lasted 00:03:54 (1681 turns).

Diggabert the Cudgeller (Human Monk)                Turns: 1681, Time: 00:03:55

Health: -3/42      AC:  3    Str: 13    XL:     5   Next: 90%
Magic:  5/5        EV: 13    Int: 10    God:
Gold:   84         SH:  0    Dex: 16    Spells: 4/4 levels left

rFire   . . .        a - +0 mace
rCold   . . .        d - orb {light}
rNeg    . . .        b - +0 robe
rPois   .            h - +0 helmet
rElec   .            (no cloak)
rCorr   .            (no gloves)
SInv    .            (no boots)
Will    .....        l - amulet of magic regeneration
Stlth   +            m - ring of wizardry
HPRegen 0.27/turn    (no ring)
MPRegen 0.49/turn

%: wizardry (x1)
@: confused, glowing
A: no striking features
a: no special abilities


You were on level 3 of the Dungeon.
You visited 1 branch of the dungeon, and saw 3 of its levels.

You collected 84 gold pieces.

Inventory:

Hand Weapons
 a - a +0 mace (weapon)
 s - a +2 trident of freezing
Missiles
 f - 6 poisoned darts (quivered)
 p - 5 javelins
Armour
 b - a +0 robe (worn)
 d - an orb of light (worn)
 h - a +0 helmet (worn)
Jewellery
 l - an amulet of magic regeneration (around neck)
 m - a ring of wizardry (left hand)
 q - a ring of ice
Scrolls
 g - 2 scrolls of teleportation {unknown}
 j - a scroll of fog
 k - a scroll of immolation {unknown}
 o - a scroll of amnesia {unknown}
Potions
 c - a potion of ambrosia
 e - 2 potions of brilliance
 i - a potion of haste {unknown}
 n - a potion of curing {unknown}
 r - a potion of flight {unknown}


   Skills:
 * Level 3.7 Fighting
 * Level 4.9 Maces & Flails
 * Level 1.2 Armour
 * Level 3.6 Dodging


You had 4 spell levels left.
You didn't know any spells.
Your spell library was empty.

Dungeon Overview and Level Annotations

Branches:
Dungeon (3/15)

Altars:

Shops:
D:2 (


Message History

The orc closely misses you. The orc wizard barely misses you.
The orc hits you with a +0 hand axe.
You barely miss the orc wizard.
The orc wizard is heavily wounded.
The orc completely misses you. The orc hits you with a +0 hand axe.
The orc wizard hits you but does no damage.
You hit the orc wizard but do no damage.
The orc wizard is heavily wounded.
The orc hits you with a +0 mace.
The orc wizard points at you and mumbles some strange words.
You are confused.
The orc misses you.
You are too confused!
You are too confused!
You are too confused!
You barely miss the orc wizard.
The orc wizard is heavily wounded.
The orc barely misses you. The orc hits you with a +0 hand axe.
The orc wizard closely misses you. The orc attacks as you move away!
The orc closely misses you.
You hit the orc wizard but do no damage.
The orc wizard is heavily wounded.
The orc hits you with a +0 mace. The orc wizard misses you.
You closely miss the orc. The orc hits you with a +0 mace.
The orc barely misses you.
The orc wizard hits you with a +0 dagger.
* * * LOW HITPOINT WARNING * * *
The orc misses you.
The orc wizard hits you with a +0 dagger.
* * * LOW HITPOINT WARNING * * *
The orc hits you with a +0 mace.
* * * LOW HITPOINT WARNING * * *
Unknown command.
You barely miss the orc wizard.
The orc wizard is heavily wounded.
The orc misses you.
The orc wizard hits you with a +0 dagger.
* * * LOW HITPOINT WARNING * * *
The orc hits you with a +0 hand axe.
You die...

.....#.........#.##
.....#.#..####.#.# .
.....#.#..####.#.####..
...#.#.#..............
...................... .
..........####.#.#####.#
...#.#....# #.........#
........#.####.#.....(..
...#.#..#.......@o######
........#......#oo#
...#.#..#.####.#..#
........... .....#
##..... ..#....
...#..### #####.## ...


You could see an orc wizard (invisible) and 2 orcs.

Vanquished Creatures
  Natasha (thrice) (D:2)
  3 adders
  3 worms (D:2)
  2 dart slugs (D:1)
  4 orcs
  6 bats
  An endoplasm (D:1)
  4 giant cockroaches (D:1)
  6 goblins
  7 hobgoblins
  2 jackals (D:2)
  2 quokkas
  3 ball pythons
  2 frilled lizards (D:2)
  7 kobolds
  7 rats
62 creatures vanquished.

Notes
Turn   | Place    | Note
-------+----------+-------------------------------------------
     0 | D:1      | Diggabert the Human Monk began the quest for the Orb.
     0 | D:1      | Reached XP level 1. HP: 18/18 MP: 1/1
    64 | D:1      | Reached XP level 2. HP: 16/24 MP: 2/2
   179 | D:1      | Reached XP level 3. HP: 29/29 MP: 3/3
   515 | D:1      | Found a faded altar of an unknown god.
   865 | D:2      | Reached XP level 4. HP: 28/35 MP: 4/4
  1014 | D:2      | Reached skill level 4 in Maces & Flails
  1068 | D:2      | Found Qulapn's Weapon Shop.
  1317 | D:2      | Noticed Natasha
  1325 | D:2      | Killed Natasha
  1326 | D:2      | Reached XP level 5. HP: 33/41 MP: 5/5
  1424 | D:2      | Noticed Natasha
  1430 | D:2      | Killed Natasha
  1431 | D:2      | Reached skill level 1 in Armour
  1458 | D:2      | Noticed Natasha
  1469 | D:2      | Killed Natasha
  1681 | D:3      | HP: 1/42 [orc wizard/+0 dagger (2)]
  1681 | D:3      | Slain by an orc

Illustrated notes

Levels and vault maps discovered:
D:1:      dpeg_arrival_water_fire, layout_basic,
          shapermc_ecumenical_altar_mp_urbaneastern
D:2:      layout_rooms, serial_shops, nicolae_shop_rolling_square,
          minmay_heptomino_l4, uniq_natasha
D:3:      layout_basic, mainiacjoe_overflow_swirl

Skill      XL: |  1  2  3  4  5 |
---------------+----------------+-----
Maces & Flails | 4 |  4.9
Armour         | 1 |  1.2
Fighting       | |  3.7
Dodging        | |  3.6

Action                     |  1- 3 |  4- 6 || total
---------------------------+-------+-------++-------
  Melee: Mace              |    84 |    76 ||   160
    Use: Scroll            |       |     3 ||     3
 Armour: Robe              |    27 |    11 ||    38
  Dodge: Dodged            |    57 |    75 ||   132
